 Dungeon Crawl Stone Soup version 0.28.0 (webtiles) character file.

Game seed: 1609909574007540279

81 Impy the Skirmisher (level 4, -1/37 HPs)
             Began as a Demonspawn Chaos Knight on Feb 9, 2022.
             Was a Plaything of Xom.
             Slain by an ogre (4 damage)
             ... on level 4 of the Dungeon.
             The game lasted 00:09:39 (3295 turns).

Impy the Skirmisher (Demonspawn Chaos Knight)       Turns: 3295, Time: 00:09:41

Health: -1/37      AC:  7    Str: 14      XL:     4   Next: 19%
Magic:  4/4        EV: 11    Int: 13 (14) God:    Xom [.*....]
Gold:   176        SH:  4    Dex: 17 (18) Spells: 3/3 levels left

rFire   . . .      SeeInvis .   a - +0 mace (chaos)
rCold   + . .      Faith    .   (no shield)
rNeg    . . .      Spirit   .   b - +2 leather armour
rPois   .          Reflect  .   i - +0 helmet
rElec   .          Harm     .   (no cloak)
rCorr   .          Rampage  .   d - +0 pair of gloves
Will    .....                   (no boots)
Stlth   +.........              (no amulet)
HPRegen 0.12/turn               e - ring of protection from cold
MPRegen 0.09/turn               f - +6 ring of dexterity

@: no status effects
A: large bone plates 1
a: Renounce Religion


You were on level 4 of the Dungeon.
You worshipped Xom.
You were a plaything of Xom.
You visited 1 branch of the dungeon, and saw 4 of its levels.

You collected 176 gold pieces.

Inventory:

Hand Weapons
 a - a +0 mace of chaos (weapon)
 k - the +9 dagger of the Coward {vorpal, Fly}
   (You found it on level 3 of the Dungeon)

   It inflicts extra damage upon your enemies.
   Fly:       It grants you flight.
Armour
 b - a +2 leather armour (worn)
 d - a +0 pair of gloves (worn)
 i - a +0 helmet (worn)
Jewellery
 e - a ring of protection from cold (left hand)
 f - a +6 ring of dexterity (right hand)
Scrolls
 g - a scroll of amnesia
 h - 2 scrolls of magic mapping
Potions
 c - 2 potions of haste


   Skills:
 + Level 4.1 Fighting
 + Level 3.7 Maces & Flails
 - Level 1.7 Armour
 - Level 0.8 Dodging


You had 3 spell levels left.
You didn't know any spells.
Your spell library was empty.

Dungeon Overview and Level Annotations

Branches:
Dungeon (4/15)
 Temple: D:4-7

Altars:

Shops:
D:1 *[

Portals:
Abyss: D:3

Annotations:
D:3 2 transporters, mn3067's ghost, amateur GrFi


Innate Abilities, Weirdness & Mutations

You are partially covered in large bone plates. (SH +4)


Message History

You open the door.
There is an open door here.
There is an open door here.
There is an open door here.
Partly explored, unvisited transporter.
There is a shaft here.
There is a stone staircase leading down here.
You climb downwards.
There is a stone staircase leading up here.
An ogre comes into view. It is wielding a +0 giant club.
The ogre shouts!
You hear a shout!
You aren't carrying any items that you can evoke.
Hit: a) +0 mace (chaos)
Press: ? - help, Dir - move target, f - you
Okay, then.
An orc comes into view. It is wielding a +0 hand axe.
You sock the ogre! You freeze the ogre.
The ogre is moderately wounded.
The ogre hits you with a +0 giant club!!
You hit the ogre.
The ogre seems to speed up.
The ogre is heavily wounded.
The ogre misses you.
You hit the ogre. You freeze the ogre.
The ogre is severely wounded.
The ogre closely misses you. The ogre hits you but does no damage.
You completely miss the ogre.
The ogre is severely wounded.
The ogre hits you with a +0 giant club!
* * * LOW HITPOINT WARNING * * *
You barely miss the ogre.
The ogre is severely wounded.
The ogre barely misses you.
You barely miss the ogre.
The ogre is severely wounded.
The ogre hits you with a +0 giant club!
* * * LOW HITPOINT WARNING * * *
You emit a cloud of colourful smoke!
The ogre hits you with a +0 giant club.
You die...
Xom chuckles heartily!

≈o...# .....+
≈....## #####
....... #####...#
.......
#..<#...###.......
#.###...§@O.......
#.....#.§§§......#
#######.........##
#####.....# .....#
######


You could see an ogre (fast).

Vanquished Creatures
  4 worms (D:3)
  2 dart slugs (D:3)
  An orc (D:3)
  4 endoplasms
  9 goblins
  2 hobgoblins (D:2)
  A quokka (D:1)
  3 ball pythons
  4 bats
  5 frilled lizards
  3 kobolds
  6 rats
44 creatures vanquished.

Vanquished Creatures (collateral kills)
  Robin (D:3)
  An orc (D:3)
  2 goblins (D:3)
  3 hobgoblins (D:3)
7 creatures vanquished.

Grand Total: 51 creatures vanquished

Notes
Turn   | Place    | Note
-------+----------+-------------------------------------------
     0 | D:1      | Impy the Demonspawn Chaos Knight began the quest for the
                  | Orb.
     0 | D:1      | Reached XP level 1. HP: 18/18 MP: 1/1
   183 | D:1      | XOM: potion effect (brilliance)
   188 | D:1      | Gained mutation: You are partially covered in large bone
                  | plates. (SH +4) [demonic ancestry]
   188 | D:1      | Reached XP level 2. HP: 19/24 MP: 2/2
   195 | D:1      | XOM: divination: detect creatures
   288 | D:1      | Found Taotic's Antique Armour Shop.
   304 | D:1      | XOM: god gift: 44 gold pieces
   373 | D:1      | Found a faded altar of an unknown god.
   525 | D:1      | XOM: divination: magic mapping
   584 | D:1      | Found Kaxedi's Assorted Antiques.
  1104 | D:2      | XOM: chaos upgrade
  1366 | D:2      | XOM is BORED!
  1366 | D:2      | XOM: summons 2 hostile demons
  1623 | D:2      | Reached XP level 3. HP: 29/29 MP: 3/3
  1871 | D:3      | Noticed a small abomination
  1872 | D:3      | Noticed a kobold brigand
  1874 | D:3      | Found a one-way gate to the infinite horrors of the Abyss.
  1874 | D:3      | Noticed mn3067's ghost (amateur GrFi)
  1875 | D:3      | Found a transporter.
  1875 | D:3      | Found a transporter.
  2083 | D:3      | Identified the +9 dagger of the Coward {vorpal, Fly}
  2151 | D:3      | XOM: summons 2 hostile demons
  2694 | D:3      | Noticed a small abomination
  2707 | D:3      | Noticed a small abomination
  2972 | D:3      | Noticed Robin
  2976 | D:3      | XOM: summons 3 friendly demons
  2984 | D:3      | Reached skill level 4 in Fighting
  2993 | D:3      | Killed Robin
  2994 | D:3      | Reached XP level 4. HP: 28/37 MP: 4/4
  3286 | D:4      | Noticed an ogre
  3295 | D:4      | XOM: smoke on damage
  3295 | D:4      | Slain by an ogre

Illustrated notes

Levels and vault maps discovered:
D:1:      dpeg_arrival_castle, layout_rooms, serial_shops, shop,
          nicolae_shop_hallway_stairs, hellmonk_ecumenical_altar_slurped_away
D:2:      layout_loops_corners
D:3:      layout_basic, gammafunk_ghost_abyssal_escape, nicolae_wormholes,
          uniq_robin
D:4:      layout_basic, nicolae_ru_path_of_blood, overflow_temple_1_default,
          gammafunk_temple_overflow_pools, nicolae_alphabet_shops

Skill      XL: |  1  2  3 |
---------------+----------+-----
Maces & Flails | 3 |  3.7
Fighting       | 4 |  4.1
Armour         | |  1.7
Dodging        | |  0.8

Action                   |  1- 3 |  4- 6 || total
-------------------------+-------+-------++-------
Melee: Mace              |   137 |     6 ||   143
       Punch             |     1 |       ||     1
  Use: Potion            |     9 |       ||     9
       Scroll            |     6 |       ||     6
 Stab: Sleeping          |     2 |       ||     2
Armor: Leather armour    |    53 |     1 ||    54
Dodge: Dodged            |    85 |     3 ||    88
Block: Other             |    28 |       ||    28
